 Dungeon Crawl Stone Soup version 0.31.0-11-ge490571c62 (webtiles) character file.

Game seed: 15737328709839197102

816 sanka the Basher (level 7, 0/59 HPs)
             Began as a Minotaur Fighter on Jan 26, 2024.
             Slain by a lemure (1 damage)
             ... led by Pikel
             ... on level 4 of the Dungeon.
             The game lasted 00:06:12 (3784 turns).

sanka the Basher (Minotaur Fighter)                 Turns: 3784, Time: 00:06:13

Health: 0/59       AC: 10    Str: 20    XL:     7   Next: 62%
Magic:  6/6        EV:  7    Int:  5    God:
Gold:   247        SH:  4    Dex: 12    Spells: 6/6 levels left

rFire   . . .        a - +0 flail
rCold   + + .        c - +0 buckler
rNeg    . . .        u - +0 chain mail {rC+}
rPois   .            (helmet restricted)
rElec   .            y - +0 cloak
rCorr   .            (no gloves)
SInv    .            (no boots)
Will    .....        (no amulet) Stlth
                     (no ring)
HPRegen 0.29/turn    s - ring of protection from cold
MPRegen 0.10/turn

%: no passive effects
@: no status effects
A: horns 2, retaliatory headbutt
a: no special abilities


You were on level 4 of the Dungeon.
You visited 1 branch of the dungeon, and saw 5 of its levels.
You also visited: Sewer.

You collected 247 gold pieces.


Innate Abilities, Weirdness & Mutations

You have a pair of horns on your head.
You reflexively headbutt those who attack you in melee.


   Skills:
 - Level 4.0 Fighting
 + Level 10.4 Maces & Flails
 - Level 3.6 Armour
 - Level 3.6 Shields


You had 6 spell levels left.
You didn't know any spells.
Your spell library contained the following spells:

 Spells                   Type           Power      Damage    Failure   Level
 Hailstorm                Conj/Ice       0%         3d5       100%        3
 Stone Arrow              Conj/Erth      0%         3d7       100%        3
 Summon Ice Beast         Ice/Summ       0%         N/A       100%        3
 Animate Armour           Summ/Erth      0%         N/A       100%        4
 Summon Mana Viper        Hex/Summ       0%         N/A       100%        5
 Sculpt Simulacrum        Ice/Alch       0%         N/A       100%        6
 Monstrous Menagerie      Summ           0%         N/A       100%        7
 Lehudib's Crystal Spear  Conj/Erth      0%         10d2      100%        8

Inventory:

Hand Weapons
 a - a +0 flail (weapon)
 z - the +0 hammer of True Grit {venom, rF+++ Str+3 Int+2 Dex+2}

   Str+3:     It affects your strength (+3).
   Int+2:     It affects your intelligence (+2).
   Dex+2:     It affects your dexterity (+2).
   rF+++:     It renders you almost immune to fire.
Armour
 c - a +0 buckler (worn)
 u - a +0 chain mail of cold resistance (worn)
 y - a +0 cloak (worn)
Jewellery
 q - a ring of protection from fire
 s - a ring of protection from cold (right hand)
Wands
 b - a wand of flame (39)
Scrolls
 j - a scroll of fog {unknown}
 k - a scroll of immolation {unknown}
 l - a scroll of vulnerability {unknown}
 m - 4 scrolls of identify {unknown}
 n - 2 scrolls of blinking {unknown}
 v - a scroll of acquirement {unknown}
 w - a scroll of enchant armour {unknown}
 x - a scroll of fear {unknown}
Potions
 d - a potion of might
 f - a potion of resistance {unknown}
 g - a potion of lignification {unknown}
 h - a potion of mutation {unknown}
 i - 2 potions of enlightenment {unknown}
 o - 2 potions of haste {@q3}
 p - a potion of brilliance {unknown}
 r - a potion of degeneration {unknown}
 t - a potion of heal wounds {unknown}

Dungeon Overview and Level Annotations

Branches:
Dungeon (5/15)              Sewer (visited)
 Temple: D:4-7

Altars:
Nemelex Xobeh

Shops:
D:4 *

Annotations:
D:4 Pikel
D:5 Sigmund

<...(.....▒▒..........▒
.)▒▒..▒.............▒.▒
.........▒.....▒▒...▒.▒▒
..▒▒.....▒▒▒....▒......▒
..▒▒........▒.▒.▒▒▒.▒▒▒▒
......▒...▒.▒.......▒
..............▒.K▒..▒
..▒▒..▒▒▒▒▒.▒...>▒..▒
..)............5H5..▒
▒▒▒▒..▒▒▒▒▒.▒▒▒▒.▒.▒▒
▒▒▒▒..▒ ▒....▒.▒.▒
......▒ ▒▒▒▒.▒.▒.▒
▒▒▒▒.▒▒▒▒▒▒▒ ▒.▒.▒.▒
▒.......▒ ▒.▒.▒.▒
▒▒▒▒▒..▒▒▒▒.▒.▒.▒
▒▒▒▒.......▒.▒.▒
▒.......▒▒▒▒.▒.▒


You could see Pikel and 2 lemures.


Message History

You headbutt Pikel.
Unknown command.
You closely miss Pikel.
Pikel is lightly wounded.
The lemure hits you.
* * * LOW HITPOINT WARNING * * *
The lemure barely misses you. You block Pikel's attack.
Unknown command.
You sock Pikel!
Pikel is moderately wounded.
The lemure closely misses you. You furiously retaliate!
You headbutt the lemure. The lemure barely misses you.
Pikel zaps a wand.
The bolt of acid misses you. The lemure hits you.
* * * LOW HITPOINT WARNING * * *
The lemure barely misses you.
Pikel hits you with a +1 whip of flaming.
* * * LOW HITPOINT WARNING * * *
Pikel burns you.
* * * LOW HITPOINT WARNING * * *
Unknown command.
Unknown command.
Okay, then.
The lemure hits you but does no damage. The lemure hits you.
You die...

Action                     |  1- 3 |  4- 6 |  7- 9 || total
---------------------------+-------+-------+-------++-------
  Melee: Flail             |    84 |   118 |    80 ||   282
         Headbutt          |     8 |    16 |    16 ||    40
    Use: Potion            |       |     1 |     1 ||     2
 Armour: Scale mail        |    58 |    81 |     8 ||   147
         Chain mail        |       |       |    77 ||    77
  Dodge: Dodged            |    34 |    49 |    28 ||   111
  Block: Buckler           |     9 |    19 |    24 ||    52

Levels and vault maps discovered:
D:1:      sevenhm_arrival_forest_fort_large_2, layout_rooms
D:2:      layout_basic, basic_altar
D:3:      layout_rooms, lightli_sewer_entry_pipes, serial_rivers,
          chequers_serial_rivers_small_3, chequers_serial_rivers_small_a,
          chequers_serial_rivers_small_b, chequers_serial_rivers_room_b,
          chequers_serial_rivers_room_a, chequers_serial_rivers_micro_d,
          minmay_misc_feat_plants
D:4:      layout_basic, ebering_ghost_sewer_f, chequers_serial_rivers_micro_c,
          nicolae_inconvenience_store, cheibrodos_gnoll_hut,
          uniq_crazy_yiuf_cottage
D:5:      layout_layer_cave, uniq_pikel, uniq_sigmund, uniq_edmund

Notes
Turn   | Place    | Note
-------+----------+-------------------------------------------
     0 | D:1      | sanka the Minotaur Fighter began the quest for the Orb.
     0 | D:1      | Reached XP level 1. HP: 19/19 MP: 0/0
   149 | D:1      | Reached skill level 4 in Fighting
   149 | D:1      | Reached skill level 3 in Maces & Flails
   149 | D:1      | Reached XP level 2. HP: 27/27 MP: 1/1
   704 | D:2      | Reached skill level 4 in Maces & Flails
   711 | D:2      | Reached XP level 3. HP: 33/33 MP: 2/2
  1195 | D:2      | Found a sparkling altar of Nemelex Xobeh.
  1410 | D:3      | Reached skill level 5 in Maces & Flails
  1410 | D:3      | Reached XP level 4. HP: 40/40 MP: 3/3
  1684 | D:3      | Reached skill level 6 in Maces & Flails
  1689 | D:3      | Reached XP level 5. HP: 41/46 MP: 4/4
  1751 | D:3      | Found a glowing drain.
  1758 | Sewer    | Entered a sewer
  1792 | Sewer    | Reached skill level 7 in Maces & Flails
  1849 | Sewer    | Noticed Pargi
  1857 | Sewer    | Killed Pargi
  1858 | Sewer    | Reached XP level 6. HP: 42/52 MP: 5/5
  1946 | D:3      | Reached skill level 8 in Maces & Flails
  2288 | D:4      | Found a runed translucent door.
  2330 | D:4      | Noticed blundermoth's ghost (amateur MfAl)
  2357 | D:4      | Killed blundermoth's ghost
  2358 | D:4      | Reached skill level 9 in Maces & Flails
  2358 | D:4      | Reached XP level 7. HP: 8/59 MP: 6/6
  2361 | D:4      | HP: 5/59 [poisoned by blundermoth's ghost (sting)]
  2556 | D:4      | Found a runed translucent door.
  2918 | D:4      | Found a runed translucent door.
  2919 | D:4      | Noticed Crazy Yiuf
  3199 | D:4      | Found Keabb's Assorted Antiques.
  3606 | D:4      | Killed Crazy Yiuf
  3616 | D:4      | Identified the +0 hammer of True Grit {venom, rF+++ Str+3
                  | Int+2 Dex+2}
  3658 | D:5      | Entered Level 5 of the Dungeon
  3666 | D:5      | Noticed Sigmund
  3677 | D:4      | Reached skill level 10 in Maces & Flails
  3720 | D:5      | Noticed Pikel
  3780 | D:4      | HP: 5/59 [lemure[Pikel] (7)]
  3781 | D:4      | HP: 1/59 [lemure[Pikel] (4)]
  3784 | D:4      | Slain by a lemure

Vanquished Creatures
  The ghost of blundermoth the Apothecary, an amateur MfAl of Nemelex Xobeh (D:4)
  Pargi (Sewer)
  A lemure (D:4)
  A phantom (D:4)
  A brain worm (Sewer)
  A howler monkey (D:4)
  A bombardier beetle (D:3)
  4 hounds (D:4)
  Crazy Yiuf (D:4)
  An orc wizard (D:3)
  A gnoll (D:4)
  8 adders
  2 river rats (D:3)
  2 ufetubi (D:4)
  2 dart slugs (D:1)
  7 ribbon worms
  7 orcs
  9 ball pythons
  7 endoplasms
  A giant cockroach (D:4)
  5 goblins
  4 hobgoblins
  5 jackals
  8 kobolds
  2 quokkas
  9 bats
  2 frilled lizards (D:1)
  7 rats
101 creatures vanquished.
